 Dungeon Crawl Stone Soup version 0.30-a0-352-g1e81539c98 (webtiles) character file.

Game seed: 2937500574277239248

129 Bnni the Chiller (level 5, 0/34 HPs)
             Began as an Octopode Ice Elementalist on Nov 7, 2022.
             Slain by an orc wizard
             ... wielding a +0 dagger
              (4 damage)
             ... on level 3 of the Dungeon.
             The game lasted 00:04:38 (2342 turns).

Bnni the Chiller (Octopode Ice Elementalist)        Turns: 2342, Time: 00:04:39

Health: 0/34       AC:  1    Str:  8    XL:     5   Next: 12%
Magic:  2/9        EV: 13    Int: 19    God:
Gold:   91         SH:  0    Dex: 12    Spells: 5/9 levels left

rFire   . . .      SeeInvis .    o - +0 trident
rCold   . . .      Faith    .    (no shield)
rNeg    . . .      Spirit   .    (helmet restricted)
rPois   .          Reflect  .    (no amulet)
rElec   .          Harm     .    (no ring)
rCorr   .          Rampage  .    (no ring)
Will    .....                    (no ring)
Stlth   +++.......               (no ring)
HPRegen 0.25/turn                (no ring)
MPRegen 0.11/turn                (no ring)
                                 (no ring)
                                 (no ring)

@: attractive
A: almost no armour, amphibious, 8 rings, camouflage 1, gelatinous body 1,
(nimble swimmer 1), tentacles
a: no special abilities


You were on level 3 of the Dungeon.
You visited 1 branch of the dungeon, and saw 3 of its levels.

You collected 91 gold pieces.

Inventory:

Hand Weapons
 o - a +0 trident (weapon)
Missiles
 q - 8 poisoned darts
Scrolls
 b - a scroll of vulnerability {unknown}
 c - a scroll of blinking {unknown}
 e - 2 scrolls of magic mapping {unknown}
 h - 3 scrolls of identify {unknown}
 i - a scroll of poison {unknown}
 j - 2 scrolls of teleportation {unknown}
 m - a scroll of immolation {unknown}
 p - a scroll of enchant armour {unknown}
Potions
 a - a potion of magic
 d - a potion of lignification {unknown}
 f - a potion of heal wounds {unknown}
 g - a potion of curing {unknown}
 k - a potion of degeneration {unknown}
 l - a potion of flight {unknown}
 n - 2 potions of attraction
 r - a potion of brilliance {unknown}


   Skills:
 + Level 2.1 Fighting
 - Level 2.0 Dodging
 - Level 2.6 Stealth
 + Level 2.9 Spellcasting
 * Level 5.2 Ice Magic


You had 5 spell levels left.
You knew the following spells:

 Your Spells              Type           Power      Damage    Failure   Level
a - Freeze                Ice            88%        1d9       1%          1
b - Ozocubu's Armour      Ice            22%        N/A       5%          3

Your spell library contained the following spells:

 Spells                   Type           Power      Damage    Failure   Level
 Frozen Ramparts          Ice            44%        1d7       5%          3
 Ensorcelled Hibernation  Hex/Ice        24%        N/A       8%          2
 Passwall                 Tmut/Erth      1%         N/A       24%         2
 Swiftness                Air            2%         N/A       43%         3
 Tukima's Dance           Hex            2%         N/A       43%         3
 Summon Ice Beast         Ice/Summ       12%        N/A       45%         4
 Passage of Golubria      Tloc           2%         N/A       83%         4
 Yara's Violent Unravell  Hex/Tmut       1%         3d3       99%         5


Dungeon Overview and Level Annotations

Branches:
Dungeon (3/15)

Altars:
Zin

Annotations:
D:3 Grinder


Innate Abilities, Weirdness & Mutations

You cannot wear most types of armour.
You are amphibious.
You can wear up to eight rings at the same time.
Your skin changes colour to match your surroundings (Stealth+).
Your rubbery body absorbs attacks. (AC +1, EV +1)
((You are camouflaged when in or above water. (Stealth+)))
You have tentacles for arms and can constrict up to eight enemies at once.


Message History

Press: ? - help, Q - select action, (/) - cycle Shift-Dir - straight line, f - orc
Aim: an orc, wielding a +0 dagger and wearing a +0 leather armour You freeze the orc!
You kill the orc!
Unknown command.
Aiming: Freeze (safe; 1% risk of failure)
Press: ? - help, Q - select action, (/) - cycle Shift-Dir - straight line, f - orc
Aim: an orc, wielding a +0 short sword You freeze the orc.
The orc is heavily wounded.
The orc barely misses you.
Aiming: Freeze (safe; 1% risk of failure)
Press: ? - help, Q - select action, (/) - cycle Shift-Dir - straight line, f/p - orc
Aim: an orc, wielding a +0 short sword (heavily wounded)
You freeze the orc.
You kill the orc!
Unknown command.
Aiming: Freeze (safe; 1% risk of failure)
Press: ? - help, Q - select action, (/) - cycle Shift-Dir - straight line, f - orc wizard
Aim: an orc wizard, wielding a +0 dagger and wearing a +0 robe You freeze the orc wizard.
The orc wizard is lightly wounded.
The orc wizard casts a spell at you. The puff of flame misses you.
Aiming: Freeze (safe; 1% risk of failure)
Press: ? - help, Q - select action, (/) - cycle Shift-Dir - straight line, f/p - orc wizard
Aim: an orc wizard, wielding a +0 dagger and wearing a +0 robe (lightly wounded)
You freeze the orc wizard.
The orc wizard is moderately wounded.
The orc wizard hits you with a +0 dagger.
* * * LOW HITPOINT WARNING * * *
It was a potion of attraction.
You feel attractive to monsters.
Aiming: Freeze (safe; 1% risk of failure)
Press: ? - help, Q - select action, (/) - cycle Shift-Dir - straight line, f/p - orc wizard
Aim: an orc wizard, wielding a +0 dagger and wearing a +0 robe (moderately wounded)
You freeze the orc wizard.
The orc wizard is heavily wounded.
The orc wizard hits you with a +0 dagger.
You die...

o....... .# ##≈~P. ~ ......
≈~. ##≈~~.. ### ~~
##....###~#.##≈~~..P #~###
P~~#......#.~.##≈~.P###
#..~###..~~.......~~##~~~~.#..
#P...~###.~...o..~~##~≈≈~~~#..
##..P~~≈##~~.....###~~≈≈~~~#..
##.P.~~~≈#####)####~~≈≈≈~~.#..
#...~)≈~~~~##@o##~~~≈≈≈~~..##'
#P.~~≈≈≈~~###''###~≈≈≈~~.PP..P
#.PP~~######....###~≈≈~~######
#....~~≈≈# #....# #~~~≈~~~~5~~
#....~~≈≈# #..).# ##~~~≈≈~~~~~
#PP..~######..†.######~~≈≈~###
##.P..~~~~#.####.#~~~~~~≈~~~~#
##....~~~~## ##~~~~~~≈~~~~~~
##P.P.~### ###~~~≈≈≈~~~~#


You could see an orc priest and an orc wizard.

Vanquished Creatures
  A kobold brigand (D:3)
  An adder (D:2)
  A worm (D:2)
  3 dart slugs
  2 orcs (D:3)
  4 endoplasms
  2 giant cockroaches (D:1)
  3 goblins
  6 hobgoblins
  3 jackals (D:2)
  5 bats
  5 frilled lizards
  A kobold (D:3)
  6 rats
43 creatures vanquished.

Vanquished Creatures (others)
  A quokka (D:3)
  3 plants (D:3)
4 creatures vanquished.

Grand Total: 47 creatures vanquished

Notes
Turn   | Place    | Note
-------+----------+-------------------------------------------
     0 | D:1      | Bnni the Octopode Ice Elementalist began the quest for the
                  | Orb.
     0 | D:1      | Reached XP level 1. HP: 11/11 MP: 3/3
   177 | D:1      | Reached XP level 2. HP: 14/18 MP: 5/5
   812 | D:1      | Reached skill level 1 in Fighting
   953 | D:2      | Found a faded altar of an unknown god.
  1031 | D:2      | Reached XP level 3. HP: 22/23 MP: 6/6
  1053 | D:2      | Found a glowing silver altar of Zin.
  1280 | D:2      | Learned a level 3 spell: Ozocubu's Armour
  1990 | D:3      | Noticed a kobold brigand
  2007 | D:3      | Killed a kobold brigand
  2008 | D:3      | Reached skill level 5 in Ice Magic
  2008 | D:3      | Reached XP level 4. HP: 17/29 MP: 5/8
  2008 | D:3      | Reached XP level 5. HP: 20/34 MP: 5/9
  2159 | D:3      | Noticed Grinder
  2342 | D:3      | Slain by an orc wizard

Illustrated notes

Levels and vault maps discovered:
D:1:      amcnicky_arrival_abandoned_market, layout_basic
D:2:      minmay_door_path, layout_loops_ring, nicolae_ecumenical_pavilion,
          basic_altar
D:3:      wad_lake_hut, layout_rooms, elyvilon_altar_4,
          nicolae_uskayaw_murder_on_the_dancefloor, uniq_ijyb, uniq_grinder

Skill      XL: |  1  2  3 |
---------------+----------+-----
Fighting       | 1 2 |  2.1
Ice Magic      | 5 |  5.2
Dodging        | |  2.0
Stealth        | |  2.6
Spellcasting   | |  2.9

Action                   |  1- 3 |  4- 6 || total
-------------------------+-------+-------++-------
Melee: Unarmed           |    72 |       ||    72
       Constrict         |    20 |     1 ||    21
       Tentacles         |    16 |     1 ||    17
       Trident           |    37 |     9 ||    46
 Cast: Freeze            |     7 |     7 ||    14
       Ozocubu's Armour  |     1 |       ||     1
  Use: Potion            |       |     1 ||     1
 Stab: Sleeping          |    14 |       ||    14
Armor: Skin              |    10 |       ||    10
Dodge: Dodged            |    62 |     7 ||    69

Table legend: (Time is in decaauts)
 A = Elapsed time spent in this place.
 B = Non-inter-level travel time spent in this place.
 C = Inter-level travel time spent in this place.
 D = Time resting spent in this place.
 E = Time spent auto-exploring this place.
 F = Levels seen in this place.
 G = Mean time per level.
                   A        B        C        D        E       F      G
               +--------+--------+--------+--------+--------+-----+--------+
         Total |   2354 |   2324 |     30 |    200 |   1715 |   3 |  784.7 |
       Dungeon |   2354 |   2324 |     30 |    200 |   1715 |   3 |  784.7 |
               +--------+--------+--------+--------+--------+-----+--------+

Top non-repeatable levels by time:
     D:2: 1030 daAuts
     D:1: 953 daAuts
     D:3: 371 daAuts
